 Dungeon Crawl Stone Soup version 0.29.1-2-gbd0b4ee654 (webtiles) character file.

Game seed: 15514956949578739712

25 GorkyZ the Chopper (level 3, -2/22 HPs)
             Began as a Gargoyle Gladiator on Dec 1, 2022.
             Slain by a gnoll
             ... wielding a +0 halberd
              (8 damage)
             ... on level 2 of the Dungeon.
             The game lasted 00:01:58 (812 turns).

GorkyZ the Chopper (Gargoyle Gladiator)              Turns: 812, Time: 00:01:58

Health: -2/22      AC: 13    Str: 19    XL:     3   Next: 4%
Magic:  3/3        EV:  8    Int:  8    God:
Gold:   32         SH:  0    Dex: 11    Spells: 2/2 levels left

rFire   . . .      SeeInvis .   a - +0 war axe
rCold   . . .      Faith    .   (no shield)
rNeg    + . .      Spirit   .   h - +0 chain mail
rPois   ∞          Reflect  .   c - +0 helmet
rElec   +          Harm     .   (no cloak)
rCorr   .          Rampage  .   (no gloves)
Will    .....                   k - +0 pair of boots
Stlth   ..........              (no amulet)
HPRegen 0.07/turn               (no ring)
MPRegen 0.08/turn               (no ring)

@: no status effects
A: sickness immunity, AC +3, negative energy resistance 1, electricity
resistance, torment resistance 1, petrification resistance
a: no special abilities


You were on level 2 of the Dungeon.
You visited 1 branch of the dungeon, and saw 2 of its levels.

You collected 32 gold pieces.

Inventory:

Hand Weapons
 a - a +0 war axe (weapon)
Missiles
 d - 3 throwing nets (quivered)
 e - a javelin
Armour
 b - a +0 leather armour
 c - a +0 helmet (worn)
 f - a +0 ring mail
 h - a +0 chain mail (worn)
 k - a +0 pair of boots (worn)
Scrolls
 g - 2 scrolls of identify {unknown}
 j - a scroll of blinking {unknown}
Potions
 i - a potion of cancellation {unknown}


   Skills:
 + Level 2.5 Fighting
 + Level 2.9 Axes
 + Level 2.0 Throwing
 + Level 0.9 Armour
 + Level 2.5 Dodging
 + Level 0.7 Shields
 + Level 0.4 Evocations


You had 2 spell levels left.
You didn't know any spells.
Your spell library was empty.

Dungeon Overview and Level Annotations

Branches:
Dungeon (2/15)

Altars:


Innate Abilities, Weirdness & Mutations

You are immune to sickness and miasma.
Your stone body is resilient. (AC +3)
You are immune to poison.
You resist negative energy. (rN+)
You are resistant to electric shocks. (rElec)
You are resistant to unholy torment.
You are immune to petrification.


Message History

The gnoll shouts!
You hear a shout! x2
The hobgoblin barely misses you.
The gnoll hits you from afar with a +0 halberd!
The gnoll barely misses you. The hobgoblin barely misses you.
A gnoll comes into view. It is wielding a +0 flail.
You hear a shout!
The gnoll barely misses you.
You barely miss the hobgoblin.
The hobgoblin hits you but does no damage.
The gnoll hits you but does no damage. The gnoll barely misses you.
You closely miss the hobgoblin. The gnoll closely misses you.
The hobgoblin completely misses you. The gnoll barely misses you.
You see here 8 gold pieces.
You hit the hobgoblin.
The hobgoblin is heavily wounded.
The hobgoblin hits you but does no damage.
The hobgoblin completely misses you.
You closely miss the hobgoblin.
The hobgoblin is heavily wounded.
The hobgoblin hits you. The gnoll hits you but does no damage.
You hit the hobgoblin.
You kill the hobgoblin!
The gnoll hits you but does no damage. x2
A kobold comes into view. It is wielding a +0 club.
The gnoll hits you from afar with a +0 spear.
The gnoll hits you with a +0 halberd.
The kobold shouts!
You slash the gnoll!
The gnoll is severely wounded.
The gnoll closely misses you. The gnoll barely misses you.
You closely miss the gnoll.
The gnoll is severely wounded.
The gnoll hits you but does no damage. x2
A gnoll comes into view. It is wielding a +0 club.
The gnoll hits you from afar with a +0 halberd.
* * * LOW HITPOINT WARNING * * *
You see here 8 gold pieces.
The gnoll barely misses you. The gnoll hits you with a +0 halberd!
You die...

#########
#........
#.####
#@##..
#g##.#
#g##.#
#.##K###.#
#$g.g.g..#
##
#.##g#.###
.# #.##.#
# .# #
#.#..#
#.#.
#.#.##


You could see 3 gnolls.

Vanquished Creatures
  2 dart slugs (D:1)
  A ball python (D:1)
  3 bats (D:1)
  2 goblins (D:1)
  2 hobgoblins
  2 jackals (D:1)
  2 quokkas (D:1)
  A frilled lizard (D:2)
  3 kobolds
  A rat (D:1)
19 creatures vanquished.

Vanquished Creatures (others)
  11 plants (D:1)
11 creatures vanquished.

Grand Total: 30 creatures vanquished

Notes
Turn   | Place    | Note
-------+----------+-------------------------------------------
     0 | D:1      | GorkyZ the Gargoyle Gladiator began the quest for the Orb.
     0 | D:1      | Reached XP level 1. HP: 12/12 MP: 1/1
   124 | D:1      | Reached XP level 2. HP: 13/17 MP: 2/2
   581 | D:1      | Found a faded altar of an unknown god.
   780 | D:2      | Reached XP level 3. HP: 22/22 MP: 3/3
   812 | D:2      | Slain by a gnoll

Illustrated notes

Levels and vault maps discovered:
D:1:      roderic_crop_circles_arrival_small, layout_basic,
          shapermc_ecumenical_altar_mp_vishouse, minmay_tripent
D:2:      layout_loops_corners, uniq_terence, uniq_natasha

Skill      XL: |  1  2 |
---------------+-------+-----
Throwing       | 2 |  2.0
Fighting       | |  2.5
Axes           | |  2.9
Armour         | |  0.9
Dodging        | |  2.5
Shields        | |  0.7
Evocations     | |  0.4

Action                   || total
-------------------------++-------
Melee: War axe           ||    58
Armor: Chain mail        ||    42
       Ring mail         ||     3
       Leather armour    ||     1
Dodge: Dodged            ||    42
